Map: Cactus Valley LE (Void)

Players

Mairo

  • Race: Terran Terran
  • League: Diamond
  • Spawn Location: 11:00

Case - Winner!

  • Race: Zerg Zerg
  • League: Platinum
  • Spawn Location: 1:00

VOD

Have the link to the VOD?

Description

Time

  • Played on: April 8, 2017, 9:04 a.m.
  • Length: 18:18
Show
View Real Time Build Order
Export as new Build Order

Mairo Terran 

Build Orders: Hellion Opening, Reaper Expand, MMM Bio 

Get SALT Encoding   

  12  0:00  SCV  
  13  0:12  SCV  
  14  0:19  Supply Depot  
  14  0:25  SCV  
  15  0:30  Refinery  
  15  0:40  SCV  
  16  0:46  Barracks  
  16  0:52  SCV  
  17  1:04  SCV  
  18  1:16  SCV  
  19  1:34  Barracks Reactor  
  19  1:37  Orbital Command, Reaper  
  20  1:46  Command Center  
  20  1:55  Factory  
  20  2:02  SCV  
  20  2:07  Refinery  
  21  2:13  Barracks Reactor  
  21  2:20  SCV  
  22  2:32  SCV  
  23  2:45  Starport  
  23  2:57  SCV  
  24  3:02  Orbital Command  
  24  3:06  Hellion x2, Marine  
  24  3:09  SCV  
  30  3:15  Supply Depot  
  29  3:21  SCV  
  29  3:25  Medivac  
  32  3:27  Hellion x2  
  32  3:33  Marine  
  37  3:37  SCV  
  38  3:43  SCV  
  39  3:49  Supply Depot, Hellion, SCV  
  39  3:51  Marine  
  39  3:53  Hellion  
  45  3:59  Armory  
  45  4:08  SCV  
  46  4:10  SCV  
  46  4:12  Supply Depot  
  46  4:13  Marine  
  46  4:14  Hellion  
  50  4:25  SCV  
  50  4:26  SCV  
  50  4:27  Barracks  
  52  4:31  Barracks  
  47  4:50  Hellion x2, Barracks Tech Lab  
  51  4:57  Starport Reactor  
  51  5:06  SCV x2  
  53  5:09  Supply Depot x2  
  53  5:10  Widow Mine x2, Marine  
  53  5:11  Stimpack  
  53  5:12  Supply Depot  
  58  5:16  Barracks Reactor  
  58  5:18  Barracks Reactor  
  58  5:27  Marine  
  59  5:40  Medivac x2  
  63  5:43  Widow Mine x2  
  63  5:45  Marine  
  58  6:03  Marine x5  
  60  6:11  Supply Depot  
  60  6:12  SCV x2  
  60  6:13  Supply Depot  
  66  6:18  Refinery  
  66  6:20  Marine  
  66  6:25  Marine x2  
  65  6:29  Marauder  
  65  6:30  Marine  
  65  6:31  Factory Tech Lab, SCV x2  
  70  6:35  Refinery  
  70  6:38  Marine  
  71  6:40  Engineering Bay  
  71  6:43  SCV  
  71  6:45  Engineering Bay  
  72  6:51  Marauder  
  72  6:53  Marine x2  
  72  6:54  Siege Tank  
  79  6:58  Marine x2  
  81  7:10  Marine  
  81  7:11  Terran Infantry Weapons Level 1, Marine  
  81  7:12  Terran Infantry Armor Level 1  
  81  7:13  Terran Vehicle Weapons Level 1  
  83  7:17  Marine  
  83  7:18  Marauder  
  83  7:19  Marine  
  87  7:29  Marine x2  
  87  7:30  Siege Tank  
  92  7:39  Marauder  
  94  7:46  Marine  
  94  7:47  Marine x3  
  98  7:55  Command Center  
  98  7:57  Medivac  
  100  8:04  Marine  
  100  8:05  Marine  
  102  8:13  Supply Depot  
  102  8:14  Missile Turret  
  102  8:16  Supply Depot  
  102  8:34  Siege Tank, Marine x3  
  102  8:36  Marine x2  
  102  8:37  Medivac x2  
  114  8:42  Supply Depot  
  114  8:52  Marauder, Marine x2, Missile Turret  
  118  8:59  Supply Depot  
  118  9:03  Marine x2  
  120  9:10  Marine x2  
  120  9:14  Combat Shields  
  122  9:21  Marine x3  
  125  9:29  Marine x2  
  127  9:39  Marine x2  
  126  9:57  Marauder  
  94  10:08  Marine x3  
  94  10:10  Marine  
  73  10:14  Siege Tank  
  73  10:18  Marine  
  77  10:26  Marine x3  
  80  10:28  Marine  
  81  10:36  Marine  
  70  10:43  Barracks  
  70  10:44  Marine x2  
  70  10:46  Siege Tank  
  70  10:47  Barracks, Marine x2  
  74  10:53  Marine  
  75  11:00  SCV x2  
  75  11:02  Marine x2  
  79  11:12  SCV x2  
  81  11:18  Siege Tank  
  81  11:19  Marine x2  
  81  11:20  Orbital Command  
  81  11:24  SCV  
  87  11:27  Marine x2  
  89  11:46  Marine x4  
  89  11:47  Marine  
  93  11:50  Barracks Tech Lab x2  
  93  11:51  Terran Infantry Weapons Level 2  
  94  11:57  Terran Infantry Armor Level 2  
  94  12:04  Marine  
  94  12:05  Marauder  
  97  12:10  Marine x3  
  97  12:11  Marauder  
  97  12:12  Medivac  
  105  12:22  Marauder  
  105  12:23  Widow Mine  
  105  12:26  Marauder  
  109  12:32  SCV x2  
  109  12:33  Marauder  
  113  12:37  SCV  
  113  12:42  Terran Vehicle Weapons Level 2  
  113  12:44  SCV  
  115  12:55  Marine x4  
  115  12:56  Marauder x2  
  121  13:05  Marauder  
  121  13:13  Marine x4  
  121  13:15  SCV x2  
  121  13:17  Marine, Marauder  
  130  13:20  Refinery  
  130  13:22  Refinery  
  130  13:26  Marine  
  131  13:28  SCV  
  131  13:29  Supply Depot  
  131  13:30  Supply Depot, SCV  
  131  13:31  Marine x2  
  135  13:39  Marine x3  
  135  13:40  Marauder  
  140  13:42  Siege Tank  
  140  13:45  Marauder  
  145  13:48  Marine  
  145  13:52  Liberator  
  145  13:55  SCV x3  
  149  13:56  Marine  
  149  13:58  Marauder  
  149  14:01  Supply Depot  
  152  14:03  Supply Depot  
  152  14:05  Liberator  
  152  14:07  SCV x3  
  152  14:08  Marine x3  
  152  14:09  Marauder x2  
  165  14:20  Supply Depot  
  165  14:21  Supply Depot  
  165  14:22  Marine x2  
  170  14:26  Marine x2  
  170  14:30  Marauder  
  170  14:31  Marauder  
  178  14:46  Marine, Marauder  
  178  14:52  Marauder x2  
  174  14:54  Marine  
  165  15:01  Marine x2  
  165  15:04  Marine  
  170  15:07  Marauder  
  170  15:09  Terran Infantry Weapons Level 3  
  170  15:13  Marauder x2  
  174  15:18  Terran Infantry Armor Level 3  
  175  15:28  Marauder  
  175  15:35  Marauder x2  
  179  15:41  Marine x2  
  179  15:42  Marine  
  184  15:50  Marauder  
  184  15:56  Marauder  
  186  16:03  Marine x2  
  180  16:11  Marine x2  
  180  16:12  Marine, Marauder  
  180  16:17  Marauder  
  153  16:21  Marine x2  
  125  16:29  Marine x2  
  125  16:30  Marauder  
  114  16:33  Marauder  
  114  16:36  Viking  
  114  16:39  Marine x2, Marauder  
  107  16:47  Marine x2  
  107  16:51  Marine  
  99  16:54  Marine  
  99  16:57  Marine x2  
  99  16:59  Marine  
  89  17:04  Siege Tank  
  89  17:05  Marine x2  
  80  17:09  Marine  
  80  17:12  Marine  
  80  17:14  Marine x2  
  84  17:17  Marine  
  82  17:22  Marine  
  82  17:23  Marine  
  82  17:27  Marine  
  76  17:30  Marine  
  76  17:32  Marine x2  
  76  17:35  Marine  
  80  17:40  Marine x2  
  76  17:44  Marine  
  76  17:48  Marine  
  76  17:50  Marine x2  
  78  17:53  Marine  
  78  17:58  Marine x2  
Show
View Real Time Build Order
Export as new Build Order

Case Zerg - Winner!

Build Orders: Hatch First 

Get SALT Encoding   

  12  0:01  Drone  
  13  0:12  Overlord  
  13  0:17  Drone  
  14  0:30  Drone x2  
  14  0:34  Drone  
  17  0:45  Drone  
  18  0:57  Hatchery  
  17  1:10  Spawning Pool  
  16  1:15  Extractor, Drone  
  16  1:19  Drone  
  16  1:22  Drone  
  18  1:28  Drone  
  19  1:38  Overlord  
  19  1:49  Drone  
  20  1:57  Queen  
  20  2:00  Drone  
  23  2:10  Drone  
  23  2:11  Baneling Nest  
  23  2:15  Drone  
  24  2:17  Queen  
  26  2:31  Drone x3  
  26  2:35  Metabolic Boost  
  29  2:41  Zergling x2  
  30  2:48  Zergling x4  
  31  3:12  Drone x5  
  36  3:16  Overlord  
  36  3:17  Overlord  
  36  3:34  Queen  
  36  3:35  Roach Warren, Overlord  
  36  3:37  Drone  
  36  3:39  Zergling x2  
  39  3:44  Zergling x4  
  41  3:50  Drone x3  
  44  4:05  Zergling x6  
  44  4:06  Zergling x2  
  44  4:09  Drone x2  
  49  4:26  Drone x5  
  49  4:31  Extractor  
  53  4:33  Extractor, Lair  
  45  4:48  Roach x3  
  45  4:49  Drone x7  
  57  4:55  Extractor  
  55  5:04  Zergling x4  
  57  5:20  Roach  
  57  5:21  Zergling x2  
  60  5:24  Overlord x3  
  60  5:29  Overlord x2  
  60  5:38  Glial Reconstitution  
  57  5:52  Zergling x2  
  57  5:53  Zergling x14  
  57  6:04  Queen x2  
  57  6:09  Roach x4  
  69  6:23  Drone x3  
  72  6:29  Hatchery  
  71  6:40  Pneumatized Carapace  
  71  6:46  Roach x4  
  79  6:47  Zergling x4  
  79  6:52  Baneling x2  
  81  6:55  Zergling x2  
  81  6:58  Drone  
  83  7:07  Hydralisk Den  
  82  7:11  Evolution Chamber x2  
  80  7:36  Hydralisk x10  
  90  7:39  Muscular Augments  
  90  7:40  Overlord x2  
  90  7:42  Zerg Ground Armor Level 1  
  104  7:51  Roach x3  
  106  8:00  Spore Crawler  
  106  8:01  Drone x5  
  106  8:04  Queen  
  112  8:08  Drone x2  
  112  8:09  Hydralisk  
  112  8:39  Drone x6  
  118  8:56  Infestation Pit  
  118  8:57  Roach x2  
  118  9:01  Drone  
  118  9:02  Extractor, Overlord x5  
  121  9:19  Hydralisk  
  121  9:20  Hydralisk x3  
  121  9:21  Overlord x3  
  129  9:36  Zerg Missile Weapons Level 1  
  129  9:40  Roach x10  
  129  9:42  Ravager x2  
  129  9:43  Ravager x6  
  114  10:15  Roach x6, Hydralisk x2  
  114  10:16  Hydralisk x5  
  140  10:25  Drone x2  
  127  10:46  Roach  
  127  10:47  Roach x7  
  139  10:50  Overseer  
  139  10:51  Overseer x2  
  139  10:58  Hive  
  139  11:12  Drone x5  
  145  11:18  Ravager x2  
  145  11:19  Ravager  
  147  11:27  Roach  
  147  11:28  Roach x4  
  157  11:40  Spire  
  157  11:41  Drone x2  
  157  11:42  Drone  
  157  11:44  Extractor  
  158  12:09  Roach x6  
  170  12:34  Zerg Missile Weapons Level 2  
  170  12:35  Zerg Ground Armor Level 2  
  170  12:40  Overlord  
  170  12:41  Overlord x4  
  168  12:58  Corruptor x3  
  166  12:59  Corruptor x3  
  178  13:21  Greater Spire  
  178  13:29  Hatchery  
  177  13:52  Corruptor x6  
  189  14:06  Ultralisk Cavern  
  188  14:14  Evolution Chamber  
  187  14:33  Brood Lord  
  187  14:34  Brood Lord x2  
  185  15:04  Hatchery  
  184  15:27  Ultralisk x2  
  196  15:37  Extractor  
  196  15:39  Extractor  
  194  15:51  Drone x6  
  177  16:17  Roach x3  
  177  16:18  Roach x3  
  115  16:52  Roach x6  
  112  17:03  Roach x2  
  116  17:13  Queen x3  
  122  17:33  Roach x2  
  122  17:34  Roach x5  
Tags
 
Add a new tag
Caveats
  • Supply blocks, unpowered buildings, or Contaminate may cause inaccurate times.
  • Supply counts are checked every 10 seconds.